 Dungeon Crawl Stone Soup version 0.28.0-53-g5a82cb258f (webtiles) character file.

Game seed: 17957844491615844933

522 buhh the Skirmisher (level 7, -1/52 HPs)
             Began as an Octopode Transmuter on June 20, 2022.
             Slain by a water moccasin (10 damage)
             ... on level 4 of the Dungeon.
             The game lasted 00:10:30 (6723 turns).

buhh the Skirmisher (Octopode Transmuter)           Turns: 6723, Time: 00:10:31

Health: -1/52      AC:  1    Str: 10    XL:     7   Next: 22%
Magic:  18/19      EV: 13    Int: 17    God:
Gold:   122        SH:  0    Dex: 12    Spells: 4/10 levels left

rFire   . . .      SeeInvis .     - Unarmed
rCold   . . .      Faith    .   (no shield)
rNeg    . . .      Spirit   .   (helmet currently unavailable)
rPois   .          Reflect  .   (no amulet)
rElec   .          Harm     .   c - ring of willpower
rCorr   +          Rampage  .   a - ring of resist corrosion
Will    +....                   k - ring of magical power
Stlth   +++.......              (no ring)
HPRegen 0.17/turn               (no ring)
MPRegen 0.16/turn               (no ring)
                                (no ring)
                                (no ring)

@: lethally poisoned (-1 -> -7), appendages
A: tentacle spike 3, almost no armour, amphibious, 8 rings, camouflage 1,
gelatinous body 1, (nimble swimmer 1), tentacles
a: End Transformation


You were on level 4 of the Dungeon.
One of your tentacles had grown a beastly spike.
You visited 1 branch of the dungeon, and saw 5 of its levels.

You collected 122 gold pieces.

Inventory:

Missiles
 i - 2 poisoned darts
Jewellery
 a - a ring of resist corrosion (right tentacle)
 c - a ring of willpower (left tentacle)
 k - a ring of magical power (on tentacle)
Wands
 f - a wand of flame (12)
 n - a wand of polymorph (9)
Scrolls
 g - 2 scrolls of holy word {unknown}
 h - a scroll of vulnerability {unknown}
 j - a scroll of enchant weapon {unknown}
 l - a scroll of identify {unknown}
Potions
 b - a potion of curing {unknown}
 d - a potion of might {unknown}
 e - a potion of ambrosia {unknown}
 m - a potion of resistance {unknown}
 K - 2 potions of brilliance {!q!d}
 M - a potion of heal wounds {!q!d}


   Skills:
 - Level 6.0 Fighting
 - Level 2.0 Dodging
 - Level 1.0 Stealth
 - Level 3.0 Unarmed Combat
 - Level 2.0 Spellcasting
 * Level 4.6 Transmutations


You had 4 spell levels left.
You knew the following spells:

 Your Spells              Type           Power      Damage    Failure   Level
a - Beastly Appendage     Tmut           34%        N/A       3%          1
b - Wereblood             Tmut           17%        N/A       4%          2
c - Spider Form           Tmut/Pois      9%         N/A       22%         3

Your spell library contained the following spells:

 Spells                   Type           Power      Damage    Failure   Level
 Ice Form                 Ice/Tmut       9%         N/A       58%         4


Dungeon Overview and Level Annotations

Branches:
Dungeon (5/15)
 Temple: D:4-7

Altars:
Yredelemnul

Annotations:
D:4 exclusion: 2 ogres
D:5 Edmund


Innate Abilities, Weirdness & Mutations

One of your tentacles has grown a beastly spike.
You cannot wear most types of armour.
You are amphibious.
You can wear up to eight rings at the same time.
Your skin changes colour to match your surroundings (Stealth+).
Your rubbery body absorbs attacks. (AC +1, EV +1)
((You are camouflaged when in or above water. (Stealth+)))
You have tentacles for arms and can constrict up to eight enemies at once.


Message History

The water moccasin bites you but does no damage.
You climb upwards.
Level annotation: exclusion: 2 ogres
There is a stone staircase leading down here.
Aiming: Polymorph
Press: ? - help, Shift-Dir - straight line, f - water moccasin
Aim: a water moccasin (will become a killer bee, a swamp drake, or a fire bat, chance to affect: 49%)
Okay, then.
Aiming: Throw Flame
Press: ? - help, Q - select action, (/) - cycle Shift-Dir - straight line, f - water moccasin
Aim: a water moccasin (48% to hit)
The puff of flame hits the water moccasin.
The water moccasin is moderately wounded.
The water moccasin bites you. The water moccasin bites you!
Aiming: Throw Flame
Press: ? - help, Q - select action, (/) - cycle Shift-Dir - straight line, f/p - water moccasin
Aim: a water moccasin (moderately wounded, 48% to hit)
The puff of flame hits the water moccasin.
The water moccasin is heavily wounded.
The water moccasin bites you.
You are poisoned.
The water moccasin poisons you!
Aiming: Throw Flame
Press: ? - help, Q - select action, (/) - cycle Shift-Dir - straight line, f/p - water moccasin
Aim: a water moccasin (heavily wounded, 48% to hit)
The puff of flame hits the water moccasin.
The water moccasin is heavily wounded.
* * * LOW HITPOINT WARNING * * *
You feel very sick.
The water moccasin bites you but does no damage.
Casting: Beastly Appendage (safe; 3% risk of failure)
Press: ? - help, Q - select action, (/) - cycle Dir - look around, f - activate One of your tentacles grows a vicious spike.
* * * LOW HITPOINT WARNING * * *
You feel very sick.
The water moccasin closely misses you. x2
You closely miss the water moccasin. Your grab misses the water moccasin.
The water moccasin is heavily wounded.
You feel sick. The water moccasin bites you!
You die...

#########
#...@S..#############
#.......##..........#
#.......##..........#
#.......##..........#
#.......##.<........#
#.......##..........#
#####.#.##..........#
#.#.............#
#.####..........#


You could see a water moccasin.

Vanquished Creatures
  A scorpion (D:4)
  A centaur zombie (D:5)
  A hound (D:3)
  A gnoll shaman (D:3)
  3 scorpion zombies
  A hound skeleton (D:4)
  2 hound zombies (D:4)
  A howler monkey zombie (D:4)
  Robin (D:3)
  5 adders
  4 gnolls
  A howler monkey skeleton (D:3)
  An adder zombie (D:4)
  4 worms
  5 dart slugs
  6 orcs
  9 ball pythons
  9 bats
  12 endoplasms
  4 giant cockroaches
  11 goblins
  8 hobgoblins
  8 jackals
  3 quokkas
  3 frilled lizards (D:1)
  5 kobolds
110 creatures vanquished.

Vanquished Creatures (others)
  11 plants (D:3)
11 creatures vanquished.

Grand Total: 121 creatures vanquished

Notes
Turn   | Place    | Note
-------+----------+-------------------------------------------
     0 | D:1      | buhh the Octopode Transmuter began the quest for the Orb.
     0 | D:1      | Reached XP level 1. HP: 13/13 MP: 3/3
   243 | D:1      | Reached XP level 2. HP: 19/19 MP: 3/5
   466 | D:1      | Reached skill level 2 in Fighting
  1027 | D:1      | Reached XP level 3. HP: 25/25 MP: 6/6
  1176 | D:2      | Reached skill level 3 in Fighting
  1675 | D:2      | Found a faded altar of an unknown god.
  1923 | D:2      | Reached XP level 4. HP: 32/32 MP: 5/7
  2288 | D:2      | Reached skill level 4 in Fighting
  2738 | D:2      | Reached XP level 5. HP: 12/38 MP: 8/8
  3257 | D:3      | Noticed Robin
  3288 | D:3      | Learned a level 2 spell: Wereblood
  3329 | D:3      | Killed Robin
  3776 | D:3      | Reached skill level 5 in Fighting
  4413 | D:3      | Reached XP level 6. HP: 15/45 MP: 9/9
  5432 | D:4      | Found a basalt altar of Yredelemnul.
  5633 | D:4      | Reached skill level 6 in Fighting
  5752 | D:4      | Learned a level 3 spell: Spider Form
  5870 | D:4      | Reached XP level 7. HP: 46/52 MP: 10/10
  6393 | D:5      | Entered Level 5 of the Dungeon
  6662 | D:5      | Noticed Edmund
  6723 | D:4      | Slain by a water moccasin

Illustrated notes

Levels and vault maps discovered:
D:1:      dpeg_arrival_court, layout_basic
D:2:      layout_basic, hellmonk_ecumenical_altar_dog_temple
D:3:      minmay_spotlight, layout_loops_corners, minmay_misc_feat_rows,
          minmay_misc_feat_enclosed, serial_bayou_lagoon_a,
          minmay_misc_feat_cross, uniq_robin
D:4:      layout_rooms, mainiacjoe_overflow_alcove_1, serial_undead,
          serial_undead_c, serial_undead_f, serial_undead_e, serial_undead_d
D:5:      layout_loops_ring, corner_web_ring, uniq_edmund

Skill      XL: |  1  2  3  4  5  6  7 |
---------------+----------------------+-----
Stealth        | 1 |  1.0
Fighting       | 2 3 4 5 6 |  6.0
Transmutations | 3 4 |  4.6
Dodging        | |  2.0
Unarmed Combat | |  3.0
Spellcasting   | |  2.0

Action                   |  1- 3 |  4- 6 |  7- 9 || total
-------------------------+-------+-------+-------++-------
Melee: Unarmed           |    76 |   175 |    30 ||   281
       Kick              |    19 |    71 |    17 ||   107
       Tentacles         |    14 |    31 |     8 ||    53
       Constrict         |    22 |    49 |     6 ||    77
       Punch             |       |     5 |     3 ||     8
 Cast: Beastly Appendage |    25 |    49 |    10 ||    84
       Wereblood         |       |     1 |       ||     1
Evoke: Wand              |       |       |     6 ||     6
  Use: Potion            |       |     2 |     1 ||     3
 Stab: Sleeping          |     7 |     9 |     2 ||    18
Armor: Skin              |    10 |     1 |     5 ||    16
Dodge: Dodged            |    59 |    93 |    30 ||   182
